2932 views
Uploaded 2020-02-28 17:27:03
Game version 1.32.2
11:12 long 4on4 ladder game on (8)NerubianPassage
Saved by BEARAND
2932 views
Uploaded 2020-02-28 17:27:03
Game version 1.32.2
11:12 long 4on4 ladder game on (8)NerubianPassage


75 units @ 6.1k
/ 0.2k
102 buildings @ 8.8k
/ 4.2k


| Healing Salve | 4 | 400 |
| Lesser Clarity Potion | 5 | 350 |
| Boots of Speed | 1 | 250 |
| Staff of Teleportation | 1 | 150 |
| Potion of Greater Mana | 1 | 400 |
| total: | 12 | 1550g |
| Peon | 16 | 1200 | / | 0 |
| total: | 16 | 1200g | / | 0w |
| Watch Tower | 9 | 990 | / | 720 |
| Altar of Storms | 1 | 180 | / | 50 |
| Orc Burrow | 3 | 480 | / | 120 |
| War Mill | 1 | 205 | / | 0 |
| Voodoo Lounge | 1 | 130 | / | 30 |
| Stronghold | 1 | 315 | / | 190 |
| Fortress | 1 | 325 | / | 190 |
| total: | 15 | 1985g | / | 920w |
| 0:01 | Peon |
| 0:04 | Altar of Storms |
| 0:08 | Peon |
| 0:41 | Peon |
| 0:44 | Orc Burrow |
| 0:47 | Peon |
| 0:59 | Peon |
| 1:09 | Peon |
| 1:12 | War Mill |
| 1:21 | Peon |
| 1:39 | Peon |
| 1:43 | Voodoo Lounge |
| 1:47 | Peon |
| 2:00 | Peon |
| 2:21 | Peon |
| 2:22 | Peon |
| 2:28 | Watch Tower |
| 2:34 | Wind Walk |
| 2:40 | Watch Tower |
| 2:54 | Watch Tower |
| 3:55 | Stronghold |
| 3:58 | Watch Tower |
| 4:13 | Boots of Speed |
| 4:13 | Staff of Teleportation |
| 4:22 | Healing Salve |
| 4:22 | Lesser Clarity Potion |
| 4:23 | Lesser Clarity Potion |
| 4:31 | Orc Burrow |
| 4:44 | Watch Tower |
| 5:56 | Watch Tower |
| 6:20 | Healing Salve |
| 6:27 | Peon |
| 6:27 | Peon |
| 6:27 | Peon |
| 6:44 | Watch Tower |
| 6:46 | Critical Strike |
| 6:47 | Lesser Clarity Potion |
| 7:19 | Orc Burrow |
| 7:29 | Peon |
| 8:01 | Watch Tower |
| 8:08 | Lesser Clarity Potion |
| 8:58 | Fortress |
| 9:12 | Healing Salve |
| 9:17 | Lesser Clarity Potion |
| 9:24 | Healing Wave |
| 9:27 | Healing Salve |
| 9:36 | Watch Tower |
| 10:55 | Potion of Greater Mana |
| 11:31 | Wind Walk |
| Right click | 580 |
| Assign group | 366 |
| Select group | 145 |
| Select | 126 |
| Build/train/purchase | 73 |
| Chat | 55 |
| Use ability | 24 |
| Misc. action | 2 |
| Item give/drop | 2 |
| Remove unit | 2 |


| Staff of Teleportation | 1 | 150 |
| Boots of Speed | 1 | 250 |
| Healing Salve | 1 | 100 |
| Replenishment Potion | 1 | 150 |
| Sentry Wards | 1 | 150 |
| Potion of Invulnerability | 1 | 400 |
| total: | 6 | 1200g |
| Peasant | 16 | 1200 | / | 0 |
| Priest | 1 | 135 | / | 10 |
| total: | 17 | 1335g | / | 10w |
| Scout Tower | 24 | 720 | / | 480 |
| Arcane Tower | 2 | 140 | / | 100 |
| Guard Tower | 20 | 1400 | / | 1000 |
| Altar of Kings | 1 | 180 | / | 50 |
| Farm | 4 | 320 | / | 80 |
| Lumber Mill | 1 | 120 | / | 0 |
| Town Hall | 1 | 385 | / | 205 |
| Arcane Vault | 2 | 260 | / | 60 |
| Arcane Sanctum | 1 | 150 | / | 140 |
| Keep | 1 | 320 | / | 210 |
| Castle | 1 | 360 | / | 210 |
| total: | 34 | 2135g | / | 1015w |
| 0:42 | Peasant |
| 0:43 | Peasant |
| 0:52 | Altar of Kings |
| 1:00 | Farm |
| 1:11 | Peasant |
| 1:20 | Farm |
| 1:23 | Peasant |
| 1:26 | Scout Tower |
| 1:27 | Peasant |
| 1:40 | Peasant |
| 1:46 | Lumber Mill |
| 1:50 | Peasant |
| 2:00 | Peasant |
| 2:13 | Scout Tower |
| 2:25 | Arcane Tower |
| 2:38 | Peasant |
| 2:54 | Blizzard |
| 3:00 | Guard Tower |
| 3:02 | Scout Tower |
| 3:02 | Scout Tower |
| 3:02 | Peasant |
| 3:03 | Peasant |
| 3:03 | Peasant |
| 3:27 | Peasant |
| 3:28 | Peasant |
| 3:33 | Guard Tower |
| 3:34 | Peasant |
| 3:35 | Improved Masonry |
| 3:50 | Peasant |
| 3:55 | Guard Tower |
| 4:08 | Scout Tower |
| 4:09 | Scout Tower |
| 4:10 | Scout Tower |
| 4:11 | Scout Tower |
| 4:12 | Healing Salve |
| 4:43 | Keep |
| 4:46 | Farm |
| 4:47 | Farm |
| 4:49 | Guard Tower |
| 4:50 | Advanced Masonry |
| 4:52 | Staff of Teleportation |
| 5:05 | Boots of Speed |
| 5:53 | Guard Tower |
| 5:59 | Guard Tower |
| 6:00 | Scout Tower |
| 6:01 | Scout Tower |
| 6:01 | Scout Tower |
| 6:01 | Scout Tower |
| 6:03 | Scout Tower |
| 6:03 | Scout Tower |
| 6:03 | Scout Tower |
| 6:04 | Scout Tower |
| 6:09 | Brilliance Aura |
| 6:45 | Guard Tower |
| 7:13 | Arcane Sanctum |
| 7:51 | Guard Tower |
| 7:52 | Guard Tower |
| 7:56 | Town Hall |
| 8:00 | Scout Tower |
| 8:00 | Scout Tower |
| 8:01 | Scout Tower |
| 8:01 | Scout Tower |
| 8:02 | Scout Tower |
| 8:02 | Scout Tower |
| 8:03 | Scout Tower |
| 8:03 | Scout Tower |
| 8:12 | Storm Bolt |
| 8:37 | Guard Tower |
| 8:39 | Guard Tower |
| 8:41 | Magic Sentry |
| 8:41 | Priest |
| 9:02 | Guard Tower |
| 9:07 | Guard Tower |
| 9:07 | Guard Tower |
| 10:04 | Bash |
| 10:05 | Castle |
| 10:08 | Replenishment Potion |
| 10:26 | Blizzard |
| 10:34 | Guard Tower |
| 10:36 | Arcane Vault |
| 10:40 | Arcane Vault |
| 11:26 | Sentry Wards |
| 11:29 | Potion of Invulnerability |
| Right click | 768 |
| Select | 294 |
| Build/train/purchase | 82 |
| Select group | 60 |
| Misc. action | 43 |
| Chat | 39 |
| Use ability | 24 |
| Assign group | 11 |
| Item give/drop | 4 |
| Remove unit | 3 |
| Minimap ping | 2 |
| Esc | 1 |


| Staff of Teleportation | 1 | 150 |
| Healing Salve | 1 | 100 |
| total: | 2 | 250g |
| Peasant | 21 | 1575 | / | 0 |
| total: | 21 | 1575g | / | 0w |
| Scout Tower | 22 | 660 | / | 440 |
| Arcane Tower | 1 | 70 | / | 50 |
| Guard Tower | 7 | 490 | / | 350 |
| Altar of Kings | 1 | 180 | / | 50 |
| Farm | 7 | 560 | / | 140 |
| Lumber Mill | 1 | 120 | / | 0 |
| Town Hall | 1 | 385 | / | 205 |
| Keep | 1 | 320 | / | 210 |
| Castle | 1 | 360 | / | 210 |
| total: | 32 | 1905g | / | 835w |
| 0:01 | Peasant |
| 0:03 | Altar of Kings |
| 0:11 | Peasant |
| 0:41 | Farm |
| 0:46 | Peasant |
| 1:00 | Peasant |
| 1:09 | Scout Tower |
| 1:14 | Lumber Mill |
| 1:17 | Peasant |
| 1:25 | Peasant |
| 1:33 | Peasant |
| 1:38 | Arcane Tower |
| 1:45 | Peasant |
| 2:03 | Farm |
| 2:03 | Farm |
| 2:09 | Peasant |
| 2:25 | Scout Tower |
| 2:32 | Scout Tower |
| 2:39 | Blizzard |
| 2:42 | Peasant |
| 2:56 | Guard Tower |
| 3:02 | Peasant |
| 3:31 | Peasant |
| 3:32 | Peasant |
| 3:45 | Guard Tower |
| 3:47 | Peasant |
| 4:09 | Peasant |
| 4:18 | Farm |
| 4:31 | Farm |
| 4:33 | Staff of Teleportation |
| 4:51 | Peasant |
| 5:52 | Brilliance Aura |
| 5:55 | Keep |
| 6:02 | Town Hall |
| 6:03 | Scout Tower |
| 6:05 | Scout Tower |
| 6:05 | Scout Tower |
| 6:05 | Scout Tower |
| 6:10 | Healing Salve |
| 6:21 | Scout Tower |
| 6:21 | Scout Tower |
| 6:22 | Scout Tower |
| 6:44 | Guard Tower |
| 7:27 | Peasant |
| 7:28 | Peasant |
| 7:41 | Improved Masonry |
| 7:43 | Peasant |
| 7:43 | Peasant |
| 7:53 | Scout Tower |
| 7:53 | Scout Tower |
| 7:54 | Scout Tower |
| 7:54 | Scout Tower |
| 8:04 | Guard Tower |
| 8:13 | Guard Tower |
| 8:40 | Blizzard |
| 8:45 | Guard Tower |
| 8:48 | Scout Tower |
| 8:48 | Scout Tower |
| 8:49 | Scout Tower |
| 8:49 | Scout Tower |
| 9:05 | Peasant |
| 9:06 | Advanced Masonry |
| 9:06 | Improved Lumber Harvesting |
| 9:14 | Farm |
| 9:14 | Farm |
| 10:10 | Castle |
| 10:28 | Storm Bolt |
| 10:33 | Guard Tower |
| 10:34 | Scout Tower |
| 10:34 | Scout Tower |
| 10:35 | Scout Tower |
| 10:36 | Scout Tower |
| Right click | 541 |
| Select | 216 |
| Select group | 141 |
| Chat | 90 |
| Assign group | 78 |
| Build/train/purchase | 48 |
| Use ability | 18 |
| Misc. action | 3 |
| Minimap ping | 2 |
| Remove unit | 1 |


| Healing Salve | 2 | 200 |
| Lesser Clarity Potion | 3 | 210 |
| Staff of Teleportation | 1 | 150 |
| Boots of Speed | 2 | 500 |
| total: | 8 | 1060g |
| Peon | 16 | 1200 | / | 0 |
| Troll Batrider | 5 | 800 | / | 200 |
| total: | 21 | 2000g | / | 200w |
| Watch Tower | 11 | 1210 | / | 880 |
| Altar of Storms | 1 | 180 | / | 50 |
| Orc Burrow | 4 | 640 | / | 160 |
| War Mill | 1 | 205 | / | 0 |
| Voodoo Lounge | 2 | 260 | / | 60 |
| Beastiary | 2 | 290 | / | 280 |
| Stronghold | 1 | 315 | / | 190 |
| Fortress | 1 | 325 | / | 190 |
| total: | 21 | 2785g | / | 1430w |
| 0:04 | Peon |
| 0:04 | Peon |
| 0:06 | Altar of Storms |
| 0:10 | Orc Burrow |
| 0:41 | Peon |
| 1:11 | War Mill |
| 1:13 | Peon |
| 1:20 | Peon |
| 1:21 | Peon |
| 1:29 | Peon |
| 1:40 | Voodoo Lounge |
| 1:44 | Peon |
| 1:59 | Peon |
| 2:09 | Peon |
| 2:19 | Peon |
| 2:30 | Shockwave |
| 2:38 | Watch Tower |
| 2:45 | Watch Tower |
| 3:00 | Peon |
| 3:02 | Orc Burrow |
| 3:09 | Watch Tower |
| 3:50 | Healing Salve |
| 3:50 | Lesser Clarity Potion |
| 3:51 | Lesser Clarity Potion |
| 4:05 | Peon |
| 4:05 | Peon |
| 4:06 | Peon |
| 4:06 | Peon |
| 4:12 | Staff of Teleportation |
| 4:12 | Boots of Speed |
| 4:14 | Boots of Speed |
| 5:00 | Endurance Aura |
| 5:06 | Stronghold |
| 5:57 | Watch Tower |
| 6:00 | Watch Tower |
| 6:01 | Watch Tower |
| 6:03 | Spiked Barricades |
| 6:47 | Watch Tower |
| 6:48 | Watch Tower |
| 7:03 | Orc Burrow |
| 7:41 | Fortress |
| 7:57 | Watch Tower |
| 8:00 | Watch Tower |
| 8:03 | Reinforced Defenses |
| 8:04 | Beastiary |
| 8:07 | Lesser Clarity Potion |
| 8:08 | Healing Salve |
| 8:25 | Watch Tower |
| 8:32 | Shockwave |
| 8:51 | Hex |
| 9:04 | Beastiary |
| 9:06 | Troll Batrider |
| 9:06 | Troll Batrider |
| 9:06 | Troll Batrider |
| 10:30 | Voodoo Lounge |
| 11:08 | Healing Wave |
| 11:24 | Troll Batrider |
| 11:25 | Liquid Fire |
| 11:27 | Troll Batrider |
| 11:30 | Orc Burrow |
| Right click | 592 |
| Select group | 222 |
| Chat | 94 |
| Build/train/purchase | 77 |
| Select | 72 |
| Misc. action | 30 |
| Use ability | 24 |
| Minimap ping | 10 |
| Assign group | 6 |
| Esc | 4 |
| Item give/drop | 3 |
92 units @ 11.3k
/ 0.4k
57 buildings @ 7k
/ 2.8k


| Scroll of Regeneration | 1 | 100 |
| Lesser Clarity Potion | 2 | 140 |
| total: | 3 | 240g |
| Peasant | 11 | 825 | / | 0 |
| Footman | 11 | 1485 | / | 0 |
| Rifleman | 3 | 615 | / | 90 |
| total: | 25 | 2925g | / | 90w |
| Altar of Kings | 1 | 180 | / | 50 |
| Farm | 12 | 960 | / | 240 |
| Barracks | 1 | 160 | / | 60 |
| Lumber Mill | 1 | 120 | / | 0 |
| Blacksmith | 1 | 140 | / | 60 |
| Arcane Vault | 1 | 130 | / | 30 |
| Arcane Sanctum | 3 | 450 | / | 420 |
| Workshop | 4 | 560 | / | 560 |
| Keep | 1 | 320 | / | 210 |
| Castle | 1 | 360 | / | 210 |
| total: | 24 | 2700g | / | 1420w |
| 0:02 | Peasant |
| 0:06 | Altar of Kings |
| 0:39 | Peasant |
| 0:43 | Farm |
| 0:44 | Barracks |
| 0:50 | Peasant |
| 0:59 | Peasant |
| 1:13 | Farm |
| 1:16 | Peasant |
| 1:39 | Peasant |
| 1:45 | Footman |
| 1:55 | Farm |
| 2:01 | Peasant |
| 2:09 | Footman |
| 2:16 | Peasant |
| 2:31 | Footman |
| 2:33 | Summon Water Elemental |
| 3:19 | Footman |
| 3:20 | Peasant |
| 3:32 | Footman |
| 3:33 | Peasant |
| 3:58 | Farm |
| 4:50 | Footman |
| 4:51 | Peasant |
| 4:56 | Brilliance Aura |
| 5:00 | Footman |
| 5:07 | Keep |
| 5:08 | Lumber Mill |
| 5:20 | Farm |
| 5:24 | Farm |
| 5:38 | Footman |
| 5:39 | Footman |
| 5:59 | Footman |
| 6:04 | Farm |
| 6:19 | Blacksmith |
| 6:41 | Arcane Vault |
| 7:09 | Farm |
| 7:11 | Farm |
| 7:20 | Farm |
| 7:26 | Footman |
| 7:27 | Defend |
| 7:34 | Long Rifles |
| 7:37 | Rifleman |
| 7:47 | Improved Lumber Harvesting |
| 8:08 | Summon Water Elemental |
| 8:36 | Storm Bolt |
| 9:09 | Rifleman |
| 9:09 | Rifleman |
| 9:29 | Scroll of Regeneration |
| 9:36 | Lesser Clarity Potion |
| 9:36 | Lesser Clarity Potion |
| 9:46 | Farm |
| 9:48 | Arcane Sanctum |
| 9:49 | Arcane Sanctum |
| 9:53 | Arcane Sanctum |
| 9:56 | Castle |
| 10:04 | Farm |
| 10:41 | Workshop |
| 10:42 | Workshop |
| 10:43 | Workshop |
| 10:44 | Workshop |
| Right click | 357 |
| Select group | 241 |
| Select | 163 |
| Build/train/purchase | 64 |
| Assign group | 31 |
| Misc. action | 31 |
| Use ability | 5 |
| Remove unit | 4 |
| Esc | 4 |

| Peon | 12 | 900 | / | 0 |
| Grunt | 7 | 1400 | / | 0 |
| total: | 19 | 2300g | / | 0w |
| Altar of Storms | 1 | 180 | / | 50 |
| Orc Burrow | 3 | 480 | / | 120 |
| Barracks | 1 | 180 | / | 50 |
| Voodoo Lounge | 1 | 130 | / | 30 |
| Beastiary | 1 | 145 | / | 140 |
| Stronghold | 1 | 315 | / | 190 |
| Fortress | 1 | 325 | / | 190 |
| total: | 7 | 1115g | / | 390w |
| 0:04 | Peon |
| 0:04 | Peon |
| 0:12 | Altar of Storms |
| 0:43 | Orc Burrow |
| 0:48 | Peon |
| 1:01 | Barracks |
| 1:09 | Peon |
| 1:53 | Orc Burrow |
| 1:59 | Peon |
| 1:59 | Peon |
| 1:59 | Peon |
| 2:06 | Grunt |
| 2:13 | Peon |
| 2:31 | Grunt |
| 2:38 | Feral Spirit |
| 3:31 | Peon |
| 3:34 | Peon |
| 3:49 | Peon |
| 3:53 | Grunt |
| 3:55 | Peon |
| 3:59 | Grunt |
| 4:22 | Stronghold |
| 4:44 | Grunt |
| 4:52 | Orc Burrow |
| 6:18 | Grunt |
| 6:18 | Grunt |
| 6:50 | Fortress |
| 7:10 | Voodoo Lounge |
| 8:26 | Beastiary |
| Right click | 125 |
| Select | 111 |
| Misc. action | 57 |
| Build/train/purchase | 42 |
| Select group | 24 |
| Minimap ping | 15 |
| Assign group | 10 |
| Esc | 4 |


| Potion of Mana | 1 | 200 |
| total: | 1 | 200g |
| Peon | 13 | 975 | / | 0 |
| Grunt | 6 | 1200 | / | 0 |
| Troll Headhunter | 1 | 140 | / | 20 |
| total: | 20 | 2315g | / | 20w |
| Watch Tower | 1 | 110 | / | 80 |
| Altar of Storms | 1 | 180 | / | 50 |
| Barracks | 1 | 180 | / | 50 |
| Orc Burrow | 5 | 800 | / | 200 |
| War Mill | 1 | 205 | / | 0 |
| Voodoo Lounge | 1 | 130 | / | 30 |
| Stronghold | 1 | 315 | / | 190 |
| Fortress | 1 | 325 | / | 190 |
| total: | 10 | 1605g | / | 410w |
| 0:05 | Altar of Storms |
| 0:08 | Barracks |
| 0:11 | Orc Burrow |
| 0:51 | Peon |
| 1:10 | Peon |
| 1:23 | Peon |
| 1:49 | Grunt |
| 2:09 | Grunt |
| 2:17 | Peon |
| 2:33 | Feral Spirit |
| 2:44 | War Mill |
| 3:00 | Orc Burrow |
| 3:29 | Voodoo Lounge |
| 3:32 | Orc Burrow |
| 3:57 | Peon |
| 3:57 | Peon |
| 3:58 | Peon |
| 4:13 | Grunt |
| 4:30 | Peon |
| 4:35 | Stronghold |
| 5:00 | Orc Burrow |
| 5:05 | Steel Armor |
| 6:02 | Chain Lighting |
| 6:20 | Grunt |
| 6:21 | Grunt |
| 6:21 | Grunt |
| 6:53 | Orc Burrow |
| 7:17 | Peon |
| 7:19 | Peon |
| 7:56 | Peon |
| 7:56 | Peon |
| 7:57 | Peon |
| 8:02 | Watch Tower |
| 8:10 | Healing Wave |
| 8:20 | Potion of Mana |
| 8:33 | Troll Headhunter |
| 9:07 | Fortress |
| Right click | 152 |
| Select | 113 |
| Build/train/purchase | 38 |
| Select group | 24 |
| Assign group | 5 |
| Use ability | 5 |
| Remove unit | 2 |


| Peasant | 10 | 750 | / | 0 |
| Footman | 5 | 675 | / | 0 |
| Rifleman | 8 | 1640 | / | 240 |
| Sorceress | 3 | 465 | / | 60 |
| Priest | 2 | 270 | / | 20 |
| total: | 28 | 3800g | / | 320w |
| Scout Tower | 1 | 30 | / | 20 |
| Arcane Tower | 1 | 70 | / | 50 |
| Altar of Kings | 1 | 180 | / | 50 |
| Barracks | 1 | 160 | / | 60 |
| Farm | 9 | 720 | / | 180 |
| Blacksmith | 1 | 140 | / | 60 |
| Arcane Vault | 1 | 130 | / | 30 |
| Lumber Mill | 1 | 120 | / | 0 |
| Arcane Sanctum | 1 | 150 | / | 140 |
| Keep | 1 | 320 | / | 210 |
| Castle | 1 | 360 | / | 210 |
| total: | 16 | 1630g | / | 540w |
| 0:04 | Altar of Kings |
| 0:07 | Peasant |
| 0:07 | Peasant |
| 0:11 | Barracks |
| 0:39 | Peasant |
| 0:48 | Farm |
| 0:51 | Peasant |
| 0:51 | Peasant |
| 1:03 | Peasant |
| 1:22 | Peasant |
| 1:26 | Farm |
| 1:36 | Peasant |
| 1:44 | Footman |
| 1:54 | Peasant |
| 2:06 | Footman |
| 2:09 | Farm |
| 2:13 | Footman |
| 2:21 | Peasant |
| 2:29 | Summon Water Elemental |
| 2:40 | Footman |
| 3:34 | Keep |
| 3:48 | Scout Tower |
| 3:54 | Blacksmith |
| 4:03 | Arcane Vault |
| 4:07 | Lumber Mill |
| 4:13 | Farm |
| 5:03 | Footman |
| 5:19 | Arcane Tower |
| 5:39 | Rifleman |
| 5:39 | Rifleman |
| 6:07 | Arcane Sanctum |
| 6:28 | Farm |
| 6:36 | Rifleman |
| 7:03 | Rifleman |
| 7:05 | Sorceress |
| 7:07 | Siphon Mana |
| 7:24 | Sorceress |
| 7:25 | Priest |
| 7:55 | Brilliance Aura |
| 8:04 | Rifleman |
| 8:06 | Farm |
| 8:07 | Farm |
| 8:11 | Priest Adept Training |
| 8:11 | Sorceress Adept Training |
| 8:25 | Black Gunpowder |
| 8:27 | Long Rifles |
| 8:36 | Flame Strike |
| 8:53 | Priest |
| 8:54 | Rifleman |
| 9:16 | Rifleman |
| 9:59 | Summon Water Elemental |
| 10:10 | Sorceress |
| 10:10 | Rifleman |
| 10:25 | Siphon Mana |
| 10:41 | Farm |
| 10:41 | Farm |
| 10:43 | Castle |
| 10:45 | Sorceress Master Training |
| Right click | 289 |
| Select group | 282 |
| Select | 199 |
| Build/train/purchase | 90 |
| Misc. action | 38 |
| Assign group | 32 |
| Use ability | 9 |
| Remove unit | 3 |
| Minimap ping | 2 |
⇛